 Dungeon Crawl Stone Soup version 0.28-a0-1486-g8196b01e9b (webtiles) character file.

Game seed: 150500923306908616

181 ChronoRanger the Chopper (level 5, 0/47 HPs)
             Began as a Minotaur Fighter on Jan 12, 2022.
             Slain by Grinder (6 damage)
             ... while paralysed by Grinder
             ... on level 4 of the Dungeon.
             The game lasted 00:09:10 (2697 turns).

ChronoRanger the Chopper (Minotaur Fighter)         Turns: 2697, Time: 00:09:10

Health: 0/47       AC:  7    Str: 23    XL:     5   Next: 34%
Magic:  4/4        EV:  2    Int:  5    God:
Gold:   193        SH:  0    Dex:  9    Spells: 4/4 levels left

rFire   . . .      SeeInvis .   a - +0 war axe
rCold   . . .      Faith    .   c - +0 buckler
rNeg    . . .      Spirit   .   b - +0 scale mail
rPois   .          Reflect  .   (helmet restricted)
rElec   .          Harm     .   (no cloak)
rCorr   .          Rampage  .   (no gloves)
Will    .....                   (no boots)
Stlth   ..........              (no amulet)
HPRegen 0.15/turn               (no ring)
MPRegen 0.09/turn               (no ring)

@: paralysed
A: horns 2, retaliatory headbutt
a: no special abilities


You were on level 4 of the Dungeon.
You visited 1 branch of the dungeon, and saw 4 of its levels.

You collected 193 gold pieces.

Inventory:

Hand Weapons
 a - a +0 war axe (weapon)
 s - the +0 mace "Apimicedu" {vorpal, Will+}
   (You found it on level 4 of the Dungeon)

   It inflicts extra damage upon your enemies.
   Will:      It increases your willpower.
Armour
 b - a +0 scale mail (worn)
 c - a +0 buckler (worn)
 n - a +0 kite shield
Wands
 l - a wand of acid (11)
Scrolls
 e - a scroll of fog {unknown}
 f - a scroll of identify
 g - a scroll of immolation {unknown}
 h - a scroll of enchant armour {unknown}
 j - 2 scrolls of teleportation
 r - a scroll of noise {unknown}
Potions
 d - 2 potions of might
 i - 2 potions of cancellation
 k - a potion of haste
 m - a potion of lignification {unknown}
 o - a potion of curing
 q - a potion of degeneration {unknown}


   Skills:
 + Level 4.6 Fighting
 * Level 4.8 Axes
 - Level 4.3 Armour
 + Level 4.6 Shields


You had 4 spell levels left.
You didn't know any spells.
Your spell library was empty.

Dungeon Overview and Level Annotations

Branches:
Dungeon (4/15)
 Temple: D:4-7

Altars:
Cheibriados
The Shining One

Shops:
D:2 (

Annotations:
D:4 Grinder


Innate Abilities, Weirdness & Mutations

You have a pair of horns on your head.
You reflexively headbutt those who attack you in melee.


Message History

You can move again.
Throw: throwing net
Press: ? - help, Q - select action, (/) - cycle Shift-Dir - straight line, f - Grinder
Aim: Grinder, carrying a wand of flame (15) (52% to hit)
You throw a throwing net. The throwing net barely misses Grinder.
Grinder says, "FISH!"
Unknown command.
You are too injured to fight recklessly!
You are too injured to fight recklessly!
You are too injured to fight recklessly!
You are too injured to fight recklessly!
Grinder zaps a wand.
The puff of flame hits you.
* * * LOW HITPOINT WARNING * * *
You hit Grinder.
Grinder is lightly wounded.
Grinder closely misses you.
You hit Grinder.
Grinder is moderately wounded.
Grinder zaps a wand.
The puff of flame hits you but does no damage.
You closely miss Grinder. You headbutt Grinder.
Grinder is moderately wounded.
Grinder says, "Are you a fish?" Grinder hits you but does no damage.
Grinder zaps a wand.
You block the puff of flame.
You closely miss Grinder.
Grinder is moderately wounded.
Grinder gestures at you.
You suddenly lose the ability to move!
Grinder hits you but does no damage. Grinder hits you.
* * * LOW HITPOINT WARNING * * *
You writhe in agony.
* * * LOW HITPOINT WARNING * * *
Grinder zaps a wand.
The puff of flame hits you.
* * * LOW HITPOINT WARNING * * *
Grinder zaps a wand.
The puff of flame hits you.
* * * LOW HITPOINT WARNING * * *
Grinder hits you.
You die...

...... .... ...
#.# ########.#
#..$.#...#
#....).#.#
#....###.# ##
#...@# #.#####
.. #..5.#
#.....## #
#.(..# #####..#
###.## ##.# #.
#.# #.
######.#######
#.
#.............
#.
.(.#######.####
#.#


You could see Grinder.

Vanquished Creatures
  A hound skeleton (D:2)
  4 gnolls (D:2)
  3 adders
  A worm (D:3)
  11 dart slugs
  7 ball pythons
  6 bats
  11 endoplasms
  A giant cockroach (D:3)
  3 goblins
  5 hobgoblins
  7 jackals
  3 quokkas
  2 frilled lizards
  3 kobolds (D:2)
  6 rats
74 creatures vanquished.

Notes
Turn   | Place    | Note
-------+----------+-------------------------------------------
     0 | D:1      | ChronoRanger the Minotaur Fighter began the quest for the
                  | Orb.
     0 | D:1      | Reached XP level 1. HP: 19/19 MP: 0/0
    53 | D:1      | Reached XP level 2. HP: 24/27 MP: 1/1
    82 | D:1      | Found a faded altar of an unknown god.
   567 | D:2      | Reached XP level 3. HP: 33/33 MP: 2/2
  1021 | D:2      | Reached XP level 4. HP: 39/40 MP: 3/3
  1208 | D:2      | Found Widuass's Antique Weapon Boutique.
  1307 | D:2      | Found a glowing golden altar of the Shining One.
  1837 | D:3      | Reached XP level 5. HP: 38/47 MP: 4/4
  2448 | D:3      | Found a snail-covered altar of Cheibriados.
  2634 | D:4      | Identified the +0 mace "Apimicedu" {vorpal, Will+}
  2668 | D:4      | Noticed Grinder
  2676 | D:4      | Paralysed by Grinder for 2 turns
  2683 | D:4      | Paralysed by Grinder for 4 turns
  2692 | D:4      | Paralysed by Grinder for 6 turns
  2697 | D:4      | Slain by Grinder

Illustrated notes

Levels and vault maps discovered:
D:1:      minmay_arrival_radiant_lines, layout_rooms,
          chequers_ecumenical_altar_island
D:2:      layout_basic, basic_altar, serial_shops,
          nicolae_shop_competitors_out_of_business,
          chequers_serial_rivers_micro_b, minmay_misc_feat_encased
D:3:      kennysheep_slugbush, layout_loops_ring, slow_altar_2
D:4:      layout_rooms, ebering_ghost_inner_flame,
          amcnicky_mini_rare_corridor_liquid, kennysheep_cluttered_room,
          hangedman_decor_growths, uniq_eustachio, uniq_grinder, uniq_ijyb

Skill      XL: |  1  2  3  4 |
---------------+-------------+-----
Axes           | 3 4 |  4.8
Fighting       | 4 |  4.6
Shields        | 4 |  4.6
Armour         | 4 |  4.3

Action                   |  1- 3 |  4- 6 || total
-------------------------+-------+-------++-------
Melee: War axe           |    80 |    82 ||   162
       Headbutt          |     8 |    10 ||    18
Throw: Throwing net      |       |     1 ||     1
  Use: Scroll            |       |     4 ||     4
Armor: Scale mail        |    17 |    37 ||    54
Dodge: Dodged            |    27 |    20 ||    47
Block: Buckler           |    13 |    10 ||    23

Table legend: (Time is in decaauts)
 A = Elapsed time spent in this place.
 B = Non-inter-level travel time spent in this place.
 C = Inter-level travel time spent in this place.
 D = Time resting spent in this place.
 E = Time spent auto-exploring this place.
 F = Levels seen in this place.
 G = Mean time per level.
                   A        B        C        D        E       F      G
               +--------+--------+--------+--------+--------+-----+--------+
         Total |   2765 |   2664 |    101 |      4 |   2025 |   4 |  691.2 |
       Dungeon |   2765 |   2664 |    101 |      4 |   2025 |   4 |  691.2 |
               +--------+--------+--------+--------+--------+-----+--------+

Top non-repeatable levels by time:
     D:2: 1132 daAuts
     D:3: 934 daAuts
     D:1: 555 daAuts
     D:4: 143 daAuts
